Map: Odyssee LE

Players

Panda - Winner!

  • Race: Zerg Zerg
  • League: Diamond
  • Spawn Location: 5:00

Xlibe

  • Race: Terran Terran
  • League: Diamond
  • Spawn Location: 11:00

VOD

Have the link to the VOD?

Description

Time

  • Played on: Sept. 8, 2017, 2:33 p.m.
  • Length: 3:07
Show
View Real Time Build Order
Export as new Build Order

Panda Zerg - Winner!

Build Orders: Pool Only 

Get SALT Encoding   

  12  0:01  Drone  
  13  0:15  Extractor  
  12  0:27  Spawning Pool  
  11  0:29  Drone  
  12  0:38  Drone  
  12  0:39  Drone  
  14  0:49  Overlord  
  14  1:14  Zergling x6  
  14  1:17  Metabolic Boost  
  17  1:28  Queen  
  19  1:33  Zergling x2  
  19  1:37  Zergling x2  
  21  1:47  Baneling Nest  
  21  1:51  Zergling x2  
  21  1:57  Zergling x2  
  22  2:08  Overlord  
  22  2:30  Zergling x2  
  22  2:31  Zergling x2  
  24  2:40  Zergling x6  
Show
View Real Time Build Order
Export as new Build Order

Xlibe Terran 

Build Orders: Reaper Expand 

Get SALT Encoding   

  12  0:01  SCV  
  13  0:13  SCV  
  14  0:17  Supply Depot  
  14  0:25  SCV  
  15  0:41  Barracks, SCV  
  16  0:52  Refinery  
  16  0:53  SCV  
  17  1:11  SCV  
  18  1:28  Orbital Command  
  19  1:35  Reaper  
  19  1:39  Command Center  
  19  1:53  SCV  
  20  1:54  Barracks  
  20  2:03  Supply Depot  
  20  2:05  Refinery  
  20  2:09  SCV  
  20  2:16  Marine  
  21  2:41  Marine  
  17  2:44  Marine  
  17  2:47  Bunker  
Tags
 
Add a new tag
Caveats
  • Supply blocks, unpowered buildings, or Contaminate may cause inaccurate times.
  • Supply counts are checked every 10 seconds.